 Dungeon Crawl Stone Soup version 0.28-a0-1182-g381e24db82 (webtiles) character file.

Game seed: 11979118032827980252

60 Astera the Covered (level 4, -2/28 HPs)
             Began as a Tengu Fighter on Dec 17, 2021.
             Slain by a lemure (5 damage)
             ... led by Pikel
             ... on level 4 of the Dungeon.
             The game lasted 00:03:41 (2091 turns).

Astera the Covered (Tengu Fighter)                  Turns: 2091, Time: 00:03:41

Health: -2/28      AC:  7    Str: 19    XL:     4   Next: 4%
Magic:  5/5        EV:  9    Int:  8    God:
Gold:   58         SH:  4    Dex: 13    Spells: 3/3 levels left

rFire   . . .      SeeInvis .   a - +0 war axe
rCold   . . .      Faith    .   c - +0 buckler
rNeg    . . .      Spirit   .   b - +0 scale mail
rPois   .          Reflect  .   (helmet restricted)
rElec   .          Harm     .   (no cloak)
rCorr   .          Rampage  .   (no gloves)
Will    .....                   (boots unavailable)
Stlth   ..........              (no amulet)
HPRegen 0.09/turn               (no ring)
MPRegen 0.09/turn               (no ring)

@: no status effects
A: beak, talons 3
a: no special abilities


You were on level 4 of the Dungeon.
You visited 1 branch of the dungeon, and saw 5 of its levels.

You collected 58 gold pieces.

Inventory:

Hand Weapons
 a - a +0 war axe (weapon)
Missiles
 g - 2 boomerangs of dispersal (quivered)
Armour
 b - a +0 scale mail (worn)
 c - a +0 buckler (worn)
Scrolls
 f - a scroll of teleportation
Potions
 d - 3 potions of might
 h - 4 potions of curing
 i - a potion of ambrosia {unknown}
 j - a potion of attraction
 l - 2 potions of lignification {unknown}
 m - a potion of heal wounds {unknown}


   Skills:
 + Level 3.3 Fighting
 + Level 3.0 Axes
 + Level 4.1 Armour
 + Level 0.3 Dodging
 + Level 3.3 Shields


You had 3 spell levels left.
You didn't know any spells.
Your spell library contained the following spells:

 Spells                   Type           Power      Damage    Failure   Level
 Slow                     Hex            0%         N/A       80%         1
 Confusing Touch          Hex            0%         N/A       99%         3
 Animate Armour           Summ/Erth      0%         N/A       100%        4
 Yara's Violent Unravell  Hex/Tmut       0%         3d3       100%        5
 Monstrous Menagerie      Summ           0%         N/A       100%        7
 Dragon's Call            Summ           0%         N/A       100%        9


Dungeon Overview and Level Annotations

Branches:
Dungeon (5/15)
 Temple: D:4-7

Altars:

Annotations:
D:5 Pikel


Innate Abilities, Weirdness & Mutations

You have a beak for a mouth.
You have claws for feet.


Message History

You can't go down here!
You climb upwards.
Level annotation: Pikel You block the lemure's attack.
There is a stone staircase leading down, spattered with blood here.
The lemure hits you but does no damage.
Pikel hits you with a +1 whip of flaming.
Pikel burns you.
You climb downwards.
There is a stone staircase leading up here.
Pikel checks his coin pouch and frowns.
Pikel hits you with a +1 whip of flaming.
Pikel burns you.
Things that are here:
a +0 whip; a kobold corpse Pikel hits you but does no damage.
Pikel says, "You'll burn in Gehenna!"
You barely miss Pikel. Your kick misses Pikel.
Pikel hits you with a +1 whip of flaming.
Pikel burns you.
Your shield prevents you from hitting Pikel.
You claw Pikel, but do no damage. You peck Pikel, but do no damage.
You block Pikel's attack.
You hit Pikel but do no damage. You peck Pikel.
Pikel is lightly wounded.
Pikel hits you with a +1 whip of flaming!
* * * LOW HITPOINT WARNING * * *
Pikel burns you.
* * * LOW HITPOINT WARNING * * *
You block Pikel's attack.
Sorry, you're not good enough to have a special ability.
Throw: 3 boomerangs (disperse)
Press: ? - help, Q - select action Shift-Dir - straight line, f - Pikel
Aim: Pikel, wielding a +1 whip of flaming and wearing a +0 robe (lightly wounded, 50% to hit)
You throw a boomerang of dispersal. The boomerang of dispersal hits Pikel!
Pikel blinks!
Pikel is moderately wounded.
There is a stone staircase leading up here.
You climb upwards.
The lemure hits you.
You die...

.. ..
.. .#
.####.#
.....#
.S..#
... #5#
#@# #5#
#.# #..
###


You could see 2 lemures and a ball python.

Vanquished Creatures
  A lemure (D:5)
  An adder (D:2)
  A worm (D:2)
  2 dart slugs
  4 ball pythons
  4 endoplasms
  2 giant cockroaches (D:1)
  6 goblins
  5 hobgoblins
  3 kobolds
  A quokka (D:1)
  2 bats
  3 frilled lizards (D:2)
  9 rats
44 creatures vanquished.

Notes
Turn   | Place    | Note
-------+----------+-------------------------------------------
     0 | D:1      | Astera the Tengu Fighter began the quest for the Orb.
     0 | D:1      | Reached XP level 1. HP: 14/14 MP: 2/2
   262 | D:1      | Reached XP level 2. HP: 19/19 MP: 3/3
   737 | D:1      | Reached XP level 3. HP: 22/23 MP: 4/4
  1025 | D:2      | Reached skill level 4 in Armour
  1638 | D:3      | Noticed a phantom
  1688 | D:3      | Reached XP level 4. HP: 25/28 MP: 5/5
  1691 | D:3      | Got the Reference Book on the Escort
  1731 | D:3      | You fall into a shaft and drop 2 floors!
  1731 | D:5      | Entered Level 5 of the Dungeon
  1889 | D:4      | Noticed a lemure
  1889 | D:4      | Noticed a lemure
  1897 | D:4      | Noticed a lemure
  1898 | D:4      | Noticed Pikel
  1916 | D:4      | Noticed a lemure
  1927 | D:5      | Killed a lemure
  2068 | D:5      | HP: 1/28 [Pikel (1)]
  2091 | D:4      | Slain by a lemure

Illustrated notes

Levels and vault maps discovered:
D:1:      dpeg_arrival_shrine, layout_basic, minmay_bisected
D:2:      layout_basic
D:3:      layout_loops_ring
D:4:      minmay_diamond_boxcup, layout_loops_ring,
          nicolae_hepliaklqana_hippocampus, minmay_temple_entry_large_hall,
          minmay_fire_ice_demons, uniq_pikel, uniq_duvessa, uniq_sigmund,
          uniq_blork_the_orc, uniq_pargi
D:5:      layout_rooms, nemelex_diamond_rough_becter, serial_co_window_serial,
          co_window_corner_a, co_window_paths_b, co_window_paths_b,
          co_window_paths_b, co_window_corner_a, co_window_broadway_b,
          co_window_corner_cb, co_window_of_opportunity_c, co_window_cross_2,
          glass_columns_c, glass_columns_a, glass_columns_a, st_stairs_8

Skill      XL: |  1  2  3 |
---------------+----------+-----
Armour         | 4 |  4.1
Axes           | 3 |  3.0
Fighting       | |  3.3
Dodging        | |  0.3
Shields        | |  3.3

Action                   |  1- 3 |  4- 6 || total
-------------------------+-------+-------++-------
Melee: War axe           |    73 |    14 ||    87
       Kick              |    14 |     4 ||    18
       Peck              |     6 |     6 ||    12
Throw: Boomerang         |       |     1 ||     1
  Use: Scroll            |       |     8 ||     8
Armor: Scale mail        |    42 |     3 ||    45
Dodge: Dodged            |    19 |     6 ||    25
Block: Buckler           |    17 |    10 ||    27

Table legend: (Time is in decaauts)
 A = Elapsed time spent in this place.
 B = Non-inter-level travel time spent in this place.
 C = Inter-level travel time spent in this place.
 D = Time resting spent in this place.
 E = Time spent auto-exploring this place.
 F = Levels seen in this place.
 G = Mean time per level.
                   A        B        C        D        E       F      G
               +--------+--------+--------+--------+--------+-----+--------+
         Total |   2137 |   2080 |     57 |    239 |   1348 |   5 |  427.4 |
       Dungeon |   2137 |   2080 |     57 |    239 |   1348 |   5 |  427.4 |
               +--------+--------+--------+--------+--------+-----+--------+

Top non-repeatable levels by time:
     D:2: 866 daAuts
     D:1: 846 daAuts
     D:5: 359 daAuts
     D:3: 54 daAuts
     D:4: 10 daAuts
